 Dungeon Crawl Stone Soup version 0.23-a0-577-g2b1de94 (webtiles) character file.

76 Lanoc the Chopper (level 4, -2/40 HPs)
             Began as a Hill Orc Chaos Knight on Dec 15, 2018.
             Was a Plaything of Xom.
             Slain by an ogre
             ... wielding a +0 giant club
              (23 damage)
             ... on level 3 of the Dungeon.
             The game lasted 00:02:01 (851 turns).

Lanoc the Chopper (Hill Orc Chaos Knight)            Turns: 851, Time: 00:02:02

Health: -2/40      AC:  5    Str: 15    XL:     4   Next: 32%
Magic:  4/4        EV: 11    Int: 12    God:    Xom [*.....]
Gold:   140        SH:  0    Dex: 10    Spells: 3/3 levels left

rFire    . . .     SeeInvis .   a - +0 hand axe (chaos)
rCold    . . .     Gourm    .   (no shield)
rNeg     . . .     Faith    .   b - +2 leather armour
rPois    .         Spirit   .   (no helmet)
rElec    .         Reflect  .   (no cloak)
rCorr    .         Harm     .   (no gloves)
MR       +....                  (no boots)
Stlth    +.........             (no amulet)
HPRegen  0.13/turn              h - ring of protection from magic
MPRegen  0.09/turn              (no ring)

@: no status effects
A: no striking features
a: Renounce Religion


You were on level 3 of the Dungeon.
You worshipped Xom.
You were a special plaything of Xom.
You were not hungry.

You visited 1 branch of the dungeon, and saw 3 of its levels.

You collected 140 gold pieces.

Inventory:

Hand Weapons
 a - a +0 hand axe of chaos (weapon)
Missiles
 d - 4 exploding tomahawks (quivered)
 e - 97 arrows
 q - 3 poisoned tomahawks
Armour
 b - a +2 leather armour (worn)
Jewellery
 h - a ring of protection from magic (left hand)
Scrolls
 f - a scroll of fog {unknown}
 g - 3 scrolls of remove curse {unknown}
 j - 3 scrolls of identify {unknown}
 k - a scroll of fear {unknown}
 l - a scroll of immolation {unknown}
 m - a scroll of amnesia {unknown}
Potions
 i - 2 potions of degeneration {unknown}
 n - a potion of flight {unknown}
 o - a potion of cancellation {unknown}
 p - a potion of might {unknown}
Comestibles
 c - 6 rations
 r - 2 chunks of flesh


   Skills:
 + Level 4.1 Fighting
 * Level 5.0 Axes
 * Level 3.3 Armour
 + Level 1.4 Dodging


You had 3 spell levels left.
You didn't know any spells.
Your spell library was empty.

Dungeon Overview and Level Annotations

Branches:
Dungeon (3/15)

Altars:
Elyvilon


Message History

You hit something.
Reactivating autopickup.
Your Axes skill increases to level 5!
You feel a bit more experienced.
You see here an adder corpse.
You now have 127 gold pieces (gained 14).
HP restored.
You now have 140 gold pieces (gained 13).
You open the door.
An ogre comes into view. It is wielding a +0 giant club.
The ogre shouts!
The ogre hits you with a +0 giant club!!
Ouch! That really hurt!
You emit a cloud of colourful smoke!
There is an open door, spattered with blood here.
You open the door.
The ogre hits you with a +0 giant club!!
Ouch! That really hurt!
You die...
Xom chortles!

###########
#.........#
#.........#
#.........########
#.........#.......
#.........#.......
#.........#.......
####.........#.......
+..'@O.......'.......
#.##.........#..#####
#......)..##.#
#.....†...# ..#
#.........# ...
#.........# ....
########### .... .###


You could see an ogre.

Vanquished Creatures
  3 adders
  A dart slug (D:1)
  A leopard gecko (D:1)
  A ball python (D:1)
  5 giant cockroaches
  10 goblins
  4 hobgoblins
  A hobgoblin (shapeshifter) (D:1)
  3 jackals (D:1)
  5 bats
  3 frilled lizards
  2 kobolds (D:1)
  3 rats
42 creatures vanquished.

Notes
Turn   | Place    | Note
-------+----------+-------------------------------------------
     0 | D:1      | Lanoc the Hill Orc Chaos Knight began the quest for the
                  | Orb.
     0 | D:1      | Reached XP level 1. HP: 19/19 MP: 1/1
    56 | D:1      | Reached XP level 2. HP: 24/27 MP: 2/2
    92 | D:1      | Reached skill level 1 in Dodging
   277 | D:1      | Reached XP level 3. HP: 33/33 MP: 3/3
   673 | D:2      | Found a white marble altar of Elyvilon.
   714 | D:2      | Reached XP level 4. HP: 31/40 MP: 4/4
   813 | D:2      | XOM: harmless Erth miscast
   828 | D:3      | Reached skill level 5 in Axes
   840 | D:3      | Noticed an ogre
   841 | D:3      | XOM: smoke on damage
   851 | D:3      | Slain by an ogre

Vault maps used:
D:1:      dpeg_arrival_short_road, minmay_indecisive_spiral
D:2:      overflow_temple_1_default
D:3:      lemuel_zombie_altar_kikubaaqudgha, lemuel_round_altar,
          ashenzari_altar_1, ebering_ghost_sewer_d

Skill      XL: |  1  2  3  4 |
---------------+-------------+-----
Dodging        | 1 |  1.4
Fighting       | 4 |  4.1
Armour         | 3 |  3.3
Axes           | 5 |  5.0

Action                   |  1- 3 |  4- 6 || total
-------------------------+-------+-------++-------
Melee: Hand axe          |    93 |    19 ||   112
Armor: Leather armour    |    36 |     7 ||    43
Dodge: Dodged            |    69 |    12 ||    81

Table legend:
 A = Non-vault XP
 B = Vault XP
 C = Vault XP percentage of total XP
 D = Non-vault monster count
 E = Vault monster count
 F = Vault count percentage of total count
                 A         B        C        D         E       F
            +---------+---------+-------+---------+---------+-------
      Total |     102 |       7 |   6.4 |      38 |       4 |   9.5
            +---------+---------+-------+---------+---------+-------
        D:1 |      35 |       7 |  16.7 |      20 |       4 |  16.7
        D:2 |      50 |       0 |   0.0 |      15 |       0 |   0.0
        D:3 |      17 |       0 |   0.0 |       3 |       0 |   0.0
            +---------+---------+-------+---------+---------+-------
